[Event "Titled Tuesday Blitz July 25 Late 2023"]
[White "Tarhan, Adar"]
[Black "Gatterer, Florian"]
[WhiteFideId "34544712"]
[BlackFideId "811688"]
[WhiteElo "2565"]
[BlackElo "2425"]
[Result "1/2-1/2"]
[Round "3"]
[TimeControl "180+2"]
[Date "2023.07.25"]
[WhiteClock "0:00:13"]
[BlackClock "0:00:29"]
[Board "104"]

1. d4 d5 2. c3 c6 3. Bf4 Nf6 4. Nf3 Bf5 5. Nbd2 Nbd7 6. e3 e6 7. h3 h6 8. Be2 Be7 9. Rc1 Ne4 10. O-O Nxd2 11. Nxd2 Nf6 12. c4 Ne4 13. cxd5 exd5 14. Nxe4 Bxe4 15. Bd3 Bxd3 16. Qxd3 O-O 17. Rc3 Bd6 18. Bxd6 Qxd6 19. Rb1 f5 20. g3 g5 21. b4 a6 22. a4 f4 23. exf4 gxf4 24. b5 axb5 25. axb5 fxg3 26. Qxg3+ Qxg3+ 27. Rxg3+ Kh8 28. bxc6 bxc6 29. Rb6 Ra2 30. Rxc6 Kh7 31. Rc7+ Kh8 32. Rg2 Rd2 33. Rg6 Rg8 34. Rc6 Rxd4 35. Rxg8+ Kxg8 36. Rxh6 Kf7 37. Kg2 Rd1 38. h4 d4 39. h5 Kg7 40. Rd6 Kh7 41. h6 Rd3 42. f3 Rd2+ 43. Kg3 Rd1 44. Kg4 d3 45. f4 d2 46. Kf5 Rh1 47. Rxd2 Rxh6 48. Rd7+ Kg8 49. Kg5 Rb6 50. f5 Kf8 51. Ra7 Kg8 52. Re7 Kf8 53. Ra7 Kg8 54. Kh5 Kf8 55. Kg5 1/2-1/2


[Site "https://www.chess.com"]

[Event "Titled Tuesday Blitz July 25 Late 2023"]
[White "Ambartsumova, Karina"]
[Black "Dias, Paulo"]
[WhiteFideId "4166299"]
[BlackFideId "1900803"]
[WhiteElo "2565"]
[BlackElo "2423"]
[Result "0-1"]
[Round "3"]
[TimeControl "180+2"]
[Date "2023.07.25"]
[WhiteClock "0:00:01"]
[BlackClock "0:00:11"]
[Board "105"]

1. c4 Nf6 2. Nc3 c5 3. Nf3 Nc6 4. d4 cxd4 5. Nxd4 g6 6. Nc2 Bg7 7. e4 d6 8. Be2 O-O 9. O-O Be6 10. Be3 Rc8 11. f3 Na5 12. b3 a6 13. Nd4 b5 14. Nd5 bxc4 15. Nxe6 fxe6 16. Bb6 exd5 17. Bxd8 Rfxd8 18. bxc4 dxe4 19. Rc1 Rc5 20. fxe4 Rdc8 21. Bd3 Nc6 22. Qe2 Ne5 23. h3 Bh6 24. Rc2 Nh5 25. Rd1 Nf4 26. Qf1 Rf8 27. Rf2 Rcc8 28. Kh1 Nfxd3 29. Rxd3 Rxf2 30. Qxf2 Nxd3 31. Qc2 Ne5 32. Qa4 Kf7 33. Qxa6 Rxc4 34. Kg1 Be3+ 35. Kf1 Rc2 36. a4 Ra2 37. a5 Bc5 38. Qb5 Rf2+ 39. Ke1 Rxg2 40. a6 Rg1+ 41. Ke2 Ra1 42. Qb7 Kf6 43. Kd2 h5 44. Kc2 Nc4 45. Kc3 Ne5 46. Kb2 g5 47. Kxa1 g4 48. hxg4 hxg4 49. Qb5 g3 50. Qf1+ Kg5 51. Qg2 Kg4 52. Ka2 Nf3 53. Kb3 Nh4 54. Qe2+ Kh3 55. Qd3 Kh2 56. Qc2+ g2 57. Qxc5 dxc5 58. a7 g1=Q 59. a8=Q Qe3+ 60. Kc4 Qd4+ 61. Kb5 Qb4+ 62. Kc6 Qxe4+ 63. Kc7 Qxa8 0-1


[Site "https://www.chess.com"]

[Event "Titled Tuesday Blitz July 25 Late 2023"]
[White "Eggleston, Thomas A"]
[Black "Ozates, Tuna"]
[WhiteFideId "412139"]
[BlackFideId "6354521"]
[WhiteElo "2420"]
[BlackElo "2565"]
[Result "0-1"]
[Round "3"]
[TimeControl "180+2"]
[Date "2023.07.25"]
[WhiteClock "0:00:00"]
[BlackClock "0:00:17"]
[Board "106"]

1. e4 c5 2. Nf3 Nc6 3. Bb5 e6 4. Bxc6 bxc6 5. d3 Ne7 6. Qe2 Ng6 7. h4 h5 8. g3 d6 9. e5 dxe5 10. Nxe5 Qd5 11. Nf3 Rb8 12. Nc3 Qd7 13. Ne5 Nxe5 14. Qxe5 Rb4 15. a3 f6 16. Qe2 Rb8 17. f4 Kf7 18. b3 g6 19. Bb2 Be7 20. O-O-O a5 21. a4 f5 22. Qe5 Ba6 23. Qe3 Rhd8 24. Rhe1 Qd6 25. Re2 Bf6 26. Rde1 Re8 27. Qd2 Rb4 28. Nd1 Bd4 29. Ne3 Reb8 30. Bxd4 cxd4 31. Nc4 Bxc4 32. dxc4 Rxa4 33. bxa4 Qa3+ 34. Kd1 Rb1+ 0-1


[Site "https://www.chess.com"]

[Event "Titled Tuesday Blitz July 25 Late 2023"]
[White "Rostomyan, Mikayel"]
[Black "Ai, Evan"]
[WhiteFideId "13313754"]
[BlackFideId "2094770"]
[WhiteElo "2562"]
[BlackElo "2419"]
[Result "1-0"]
[Round "3"]
[TimeControl "180+2"]
[Date "2023.07.25"]
[WhiteClock "0:00:12"]
[BlackClock "0:00:12"]
[Board "107"]

1. d4 Nf6 2. Nf3 d5 3. c4 e6 4. g3 Bb4+ 5. Bd2 Be7 6. Bg2 O-O 7. O-O c6 8. Qc2 Nbd7 9. Bf4 b6 10. cxd5 cxd5 11. Bc7 Qe8 12. Rc1 Bb7 13. Qb3 Ne4 14. Na3 Bd6 15. Nb5 Qe7 16. Nxd6 Nxd6 17. Qa3 Nf5 18. Qxe7 Nxe7 19. Bd6 Rfe8 20. Rc7 Bc8 21. Bxe7 Rxe7 22. Ne5 f6 23. Nc6 Rf7 24. Nxa7 Ba6 25. e4 Nf8 26. Rxf7 Kxf7 27. Nc6 dxe4 28. Bxe4 Bb7 29. d5 Rc8 30. dxe6+ Nxe6 31. Ne5+ fxe5 32. Bxb7 Rc2 33. b4 Nd4 34. a4 Rb2 35. a5 bxa5 36. Bd5+ Ke7 37. bxa5 Nb5 38. a6 Na7 39. Bb7 Kd6 40. Rd1+ Kc7 41. Rd5 Rb1+ 42. Kg2 Re1 43. g4 Kb6 44. Rd7 g6 45. Rxh7 Rd1 46. Re7 Nb5 47. Rxe5 Nc7 48. Rg5 Rd6 49. h4 Nxa6 50. Bxa6 Kxa6 51. h5 gxh5 52. Rxh5 Kb7 53. g5 Kc7 54. Rh7+ Kd8 55. f4 Ke8 56. Kg3 Kf8 57. Kg4 Ra6 58. Rb7 Kg8 59. f5 Ra1 60. Kh5 Ra6 61. f6 Ra1 62. Kg6 1-0


[Site "https://www.chess.com"]

[Event "Titled Tuesday Blitz July 25 Late 2023"]
[White "ATM622"]
[Black "Al Mukhaini, Shima"]
[BlackFideId "22005854"]
[WhiteElo "2561"]
[BlackElo "2410"]
[Result "1/2-1/2"]
[Round "3"]
[TimeControl "180+2"]
[Date "2023.07.25"]
[WhiteClock "0:00:44"]
[BlackClock "0:00:40"]
[Board "108"]

1. d4 Nf6 2. c4 g6 3. g3 Bg7 4. Bg2 O-O 5. Nf3 c5 6. O-O cxd4 7. Nxd4 Nc6 8. Nxc6 dxc6 9. Nc3 Be6 10. b3 Ne4 11. Bxe4 Bxc3 12. Rb1 Bh3 13. Bg2 Bxg2 14. Kxg2 Qxd1 15. Rxd1 Rad8 16. Bh6 Bg7 17. Bxg7 Kxg7 18. Kf3 Kf6 19. Ke4 Ke6 20. f4 f5+ 21. Kf3 Kf6 22. e4 e5 23. exf5 Kxf5 24. fxe5 Kxe5+ 25. Ke3 g5 26. b4 g4 27. Rxd8 Rxd8 28. b5 c5 29. Rf1 Rd4 30. Rf7 Rxc4 31. Rxb7 Rc3+ 32. Kd2 Ra3 33. Rxh7 Kd4 34. Rd7+ Kc4 35. Rg7 Rxa2+ 36. Ke3 Rxh2 37. Rxg4+ Kxb5 38. Rg7 a5 39. g4 a4 40. Kd3 Rh3+ 41. Kc2 Kc4 42. g5 Rh2+ 43. Kb1 Rg2 44. g6 Kc3 45. Rg8 c4 46. g7 a3 47. Ka1 a2 48. Rc8 Rxg7 49. Kxa2 Kd3 50. Kb2 Rb7+ 51. Kc1 Kc3 52. Rh8 Rd7 53. Rh6 Rd5 54. Rh8 Kd3 55. Rh3+ Kd4 56. Kc2 Ra5 57. Rh4+ Kc5 58. Rh5+ Kb4 59. Rxa5 Kxa5 60. Kc3 Kb5 61. Kc2 Kb4 62. Kb2 c3+ 63. Kc2 Kc4 64. Kc1 Kd3 65. Kd1 Kc4 66. Kc2 Kb4 67. Kc1 Kb3 68. Kb1 Ka3 69. Kc2 Kb4 70. Kc1 Kc4 71. Kc2 Kd4 72. Kc1 Kd3 73. Kd1 c2+ 74. Kc1 Kc3 1/2-1/2


[Site "https://www.chess.com"]

[Event "Titled Tuesday Blitz July 25 Late 2023"]
[White "dodoucb"]
[Black "Horobetz, Graham"]
[BlackFideId "2047322"]
[WhiteElo "2403"]
[BlackElo "2556"]
[Result "0-1"]
[Round "3"]
[TimeControl "180+2"]
[Date "2023.07.25"]
[WhiteClock "0:00:17"]
[BlackClock "0:00:26"]
[Board "109"]

1. Nf3 c5 2. c4 Nc6 3. b3 g6 4. Bb2 Nf6 5. e3 Bg7 6. Nc3 O-O 7. Be2 d6 8. O-O e5 9. d3 h6 10. Nd5 Nxd5 11. cxd5 Ne7 12. e4 f5 13. Nd2 h5 14. f4 exf4 15. Bxg7 Kxg7 16. Rxf4 fxe4 17. Rxf8 Qxf8 18. dxe4 Qf6 19. Nc4 b5 20. Ne3 Bd7 21. Rc1 Rf8 22. Bf3 g5 23. Qd2 g4 24. Bd1 Ng6 25. Bc2 Ne5 26. Rf1 Qh6 27. a4 Rxf1+ 28. Nxf1 Qxd2 29. Nxd2 bxa4 30. bxa4 Kf6 31. Kf2 Kg5 32. a5 Bb5 33. g3 h4 34. Ke3 h3 35. Bd1 Bd7 36. Bb3 Bb5 37. Bd1 Kf6 38. Bb3 c4 39. Bd1 c3 40. Nb3 Ba4 41. Kd4 Bxb3 42. Bxb3 Nf3+ 43. Kxc3 Nxh2 44. Kd4 Nf3+ 45. Ke3 h2 0-1


[Site "https://www.chess.com"]

[Event "Titled Tuesday Blitz July 25 Late 2023"]
[White "Fonseca Manrique, Enrique"]
[Black "Herman, Daniel"]
[WhiteFideId "5114330"]
[BlackFideId "30935008"]
[WhiteElo "2556"]
[BlackElo "2402"]
[Result "1-0"]
[Round "3"]
[TimeControl "180+2"]
[Date "2023.07.25"]
[WhiteClock "0:00:13"]
[BlackClock "0:00:00"]
[Board "110"]

1. e4 c6 2. d4 d5 3. e5 Bf5 4. Nf3 e6 5. Be2 Nd7 6. O-O Ne7 7. Nbd2 c5 8. c4 cxd4 9. Nxd4 Nxe5 10. cxd5 Nxd5 11. Qa4+ Nd7 12. Nxf5 exf5 13. Bf3 Nb6 14. Re1+ Be7 15. Qa3 Kf8 16. Qd3 g6 17. Nb3 Kg7 18. Qe3 Re8 19. Qh6+ Kg8 20. Bf4 Bf8 21. Qh3 Bg7 22. Bxb7 Bxb2 23. Rad1 Qf6 24. Bxa8 Rxa8 25. Qf3 Rf8 26. h3 Bc3 27. Re2 Qg7 28. Rc2 Bf6 29. Rc7 Ne5 30. Qg3 Nbc4 31. Nc5 g5 32. Bc1 f4 33. Qb3 g4 34. Bxf4 Nf3+ 35. gxf3 gxf3+ 36. Bg3 Bd4 37. Qxf3 Ne5 38. Qg2 Kh8 39. Ne4 Bb6 40. Re7 1-0


[Site "https://www.chess.com"]

[Event "Titled Tuesday Blitz July 25 Late 2023"]
[White "EsmeraldasAnderson03"]
[Black "Golubev, Mikhail"]
[BlackFideId "14100983"]
[WhiteElo "2393"]
[BlackElo "2555"]
[Result "1-0"]
[Round "3"]
[TimeControl "180+2"]
[Date "2023.07.25"]
[WhiteClock "0:00:01"]
[BlackClock "0:00:00"]
[Board "111"]

1. d4 Nf6 2. Nf3 d6 3. Bf4 Nbd7 4. h3 g6 5. e3 Bg7 6. Be2 O-O 7. Bh2 Qe8 8. O-O e5 9. c4 Qe7 10. Nc3 Re8 11. Re1 b6 12. a3 Bb7 13. Nb5 Rec8 14. Rc1 a6 15. Nc3 e4 16. Nd2 c6 17. Qb3 c5 18. dxc5 dxc5 19. Red1 Bc6 20. Nf1 Ne5 21. Nd5 Nxd5 22. cxd5 Bb5 23. Bxb5 axb5 24. Bxe5 Qxe5 25. Qxb5 Qxb2 26. Qxb2 Bxb2 27. Rb1 Bxa3 28. Rxb6 c4 29. d6 c3 30. d7 Rd8 31. Rc6 Bb2 32. Ng3 f5 33. Ne2 Kf7 34. Nxc3 Bxc3 35. Rxc3 Ra7 36. g4 Raxd7 37. Rxd7+ Rxd7 38. gxf5 gxf5 39. Rc6 Rd2 40. Kg2 f4 41. exf4 e3 42. Kf3 e2 43. Rc7+ Ke8 44. Rc1 Kf7 45. Re1 Rd3+ 46. Kg2 1-0


[Site "https://www.chess.com"]

[Event "Titled Tuesday Blitz July 25 Late 2023"]
[White "Feng, Eric"]
[Black "only_strong_moves"]
[WhiteFideId "30952590"]
[WhiteElo "2554"]
[BlackElo "2505"]
[Result "1-0"]
[Round "3"]
[TimeControl "180+2"]
[Date "2023.07.25"]
[WhiteClock "0:00:54"]
[BlackClock "0:00:00"]
[Board "112"]

1. d4 d5 2. c4 e6 3. Nf3 Nf6 4. g3 Bb4+ 5. Bd2 Be7 6. Bg2 O-O 7. O-O c6 8. b3 b6 9. Nc3 Bb7 10. Qc2 Nbd7 11. e4 dxe4 12. Nxe4 c5 13. Nxf6+ Bxf6 14. dxc5 Nxc5 15. Rad1 Be4 16. Qc1 Nd3 17. Qa3 Bb2 18. Qa4 Nc5 19. Qb4 a5 20. Qb5 Qc7 21. Bf4 Qb7 22. Nh4 Bxg2 23. Nxg2 Rfd8 24. Be3 Ba3 25. Nf4 Rdb8 26. Rd6 Qf3 27. Rxb6 Rxb6 28. Qxb6 Ne4 29. Qc6 Rd8 30. Ng2 h6 31. Nh4 Qg4 32. f3 Qh3 33. Qxe4 Bb4 34. Ng2 g5 35. Qg4 Qxg4 36. fxg4 Rd4 37. Bxd4 1-0


[Site "https://www.chess.com"]

[Event "Titled Tuesday Blitz July 25 Late 2023"]
[White "Lalanne, Pablo"]
[Black "Richter, Paul"]
[WhiteFideId "112151"]
[BlackFideId "2046350"]
[WhiteElo "2389"]
[BlackElo "2551"]
[Result "0-1"]
[Round "3"]
[TimeControl "180+2"]
[Date "2023.07.25"]
[WhiteClock "0:00:16"]
[BlackClock "0:01:07"]
[Board "113"]

1. e4 c5 2. Nf3 d6 3. d4 cxd4 4. Nxd4 Nf6 5. Nc3 g6 6. Be3 Bg7 7. f3 O-O 8. Qd2 Nc6 9. O-O-O d5 10. Kb1 Nxd4 11. e5 Nf5 12. exf6 exf6 13. Bc5 d4 14. Bxf8 Qxf8 15. Nb5 Ne3 16. Rc1 Bh6 17. Qxd4 Nf5 18. Qxf6 Bxc1 19. Kxc1 Be6 20. Nc7 Qb4 21. Bd3 Qf4+ 22. Kb1 Qxc7 23. g4 Nd6 24. h4 Nc4 25. h5 Qe5 26. Qxe5 Nxe5 27. Be4 Rb8 28. h6 f5 29. gxf5 gxf5 30. Rg1+ Kh8 31. Bd3 Nxf3 32. Rg7 Rg8 33. Rxg8+ Kxg8 34. Kc1 Kf7 0-1


[Site "https://www.chess.com"]

[Event "Titled Tuesday Blitz July 25 Late 2023"]
[White "Dragomirescu, Robin-Alexandru"]
[Black "Haraguchi, Diego Sashaki"]
[WhiteFideId "1213849"]
[BlackFideId "22729925"]
[WhiteElo "2551"]
[BlackElo "2377"]
[Result "1-0"]
[Round "3"]
[TimeControl "180+2"]
[Date "2023.07.25"]
[WhiteClock "0:00:10"]
[BlackClock "0:00:03"]
[Board "114"]

1. b3 e5 2. Bb2 Nc6 3. e3 d5 4. Bb5 Bd6 5. f4 exf4 6. Bxg7 Qh4+ 7. Kf1 fxe3 8. dxe3 Bf5 9. Bxh8 f6 10. Nf3 Qg4 11. Nc3 O-O-O 12. Bxc6 bxc6 13. Nd4 Qg6 14. Nxf5 Qxf5+ 15. Qf3 Qxc2 16. Ne2 Be5 17. Rc1 Qxa2 18. Bg7 Rd7 19. Qg4 f5 20. Qa4 Qxa4 21. bxa4 Rxg7 22. Rxc6 Kb7 23. Rc5 c6 24. Kf2 Nf6 25. Rb1+ Kc7 26. Rbc1 Ne4+ 27. Kf3 Nxc5 28. Rxc5 Kd6 29. Ra5 Rb7 30. Ra6 Kc7 31. h4 Kb8 32. Rxc6 Rb4 33. Rh6 Rxa4 34. Rxh7 Ra3 35. Kf2 Ra2 36. h5 d4 37. exd4 Bxd4+ 38. Kf3 Ra3+ 39. Kf4 Ra2 40. Nxd4 Rxg2 41. Nc6+ Kc8 42. Rxa7 Rg4+ 43. Ke5 Rg1 44. Ne7+ Kd8 45. Nxf5 Rh1 46. h6 Ke8 47. Kf6 Rb1 48. Ra8+ Kd7 49. h7 Rb6+ 50. Kf7 Rb1 51. h8=Q Rd1 52. Qd8+ Kc6 1-0


[Site "https://www.chess.com"]

[Event "Titled Tuesday Blitz July 25 Late 2023"]
[White "Mahdavirad, Mehdi"]
[Black "K2JW"]
[WhiteFideId "12502669"]
[WhiteElo "2548"]
[BlackElo "2365"]
[Result "1/2-1/2"]
[Round "3"]
[TimeControl "180+2"]
[Date "2023.07.25"]
[WhiteClock "0:00:12"]
[BlackClock "0:00:04"]
[Board "115"]

1. b3 e5 2. Bb2 Nc6 3. e3 Nf6 4. Bb5 Bd6 5. Na3 e4 6. Nc4 Be7 7. Bxc6 dxc6 8. Ne2 O-O 9. O-O Be6 10. d3 exd3 11. cxd3 c5 12. h3 b6 13. Nf4 Bd7 14. Ne5 Bd6 15. Qf3 Qe7 16. Nxd7 Nxd7 17. Rac1 Rad8 18. Rfd1 Rfe8 19. Nd5 Qe6 20. Nf4 Qf5 21. Qd5 Ne5 22. d4 cxd4 23. Rxd4 c6 24. Qe4 Qxe4 25. Rxe4 c5 26. Rd1 f6 27. Nd5 Bb8 28. f4 Nf7 29. Rxe8+ Rxe8 30. Kf2 Nd6 31. Kf3 Ne4 32. Nc3 Nxc3 33. Bxc3 Kf7 34. Rd7+ Re7 35. Rxe7+ Kxe7 36. e4 Ke6 37. g4 g5 38. f5+ Ke7 39. e5 Bxe5 40. Bxe5 fxe5 41. Ke4 Kd6 42. a3 h6 43. a4 a6 44. Ke3 b5 45. Ke4 bxa4 46. bxa4 a5 47. Ke3 Kd5 48. Kd3 e4+ 49. Ke3 Ke5 50. Kd2 c4 51. Kc3 e3 52. Kc2 Kf6 53. Kc3 Ke5 54. Kc2 Kf6 55. Kc3 Ke5 1/2-1/2


[Site "https://www.chess.com"]

[Event "Titled Tuesday Blitz July 25 Late 2023"]
[White "Topalov, Aleksandar"]
[Black "Antonica, Dragos-Andrei"]
[WhiteFideId "925659"]
[BlackFideId "1246372"]
[WhiteElo "2363"]
[BlackElo "2542"]
[Result "0-1"]
[Round "3"]
[TimeControl "180+2"]
[Date "2023.07.25"]
[WhiteClock "0:00:00"]
[BlackClock "0:00:49"]
[Board "116"]

1. b3 e5 2. Bb2 Nc6 3. c4 Nf6 4. e3 d5 5. cxd5 Nxd5 6. a3 Bd6 7. Qc2 O-O 8. Nf3 Kh8 9. d3 f5 10. Nbd2 Qe7 11. g3 f4 12. gxf4 exf4 13. e4 Ne3 14. Qc3 Nxf1 15. Rxf1 Re8 16. Rg1 Ne5 17. Nxe5 Bxe5 18. d4 Bf6 19. O-O-O c5 20. Qxc5 Qf7 21. Kb1 Bd7 22. e5 Bh4 23. d5 Rac8 24. Qd4 Bf5+ 25. Ka2 Rc2 26. e6 Qf6 27. Ne4 Bxe4 0-1


[Site "https://www.chess.com"]

[Event "Titled Tuesday Blitz July 25 Late 2023"]
[White "DampFalcon"]
[Black "Toropov, Pavel"]
[BlackFideId "24129178"]
[WhiteElo "2360"]
[BlackElo "2542"]
[Result "1-0"]
[Round "3"]
[TimeControl "180+2"]
[Date "2023.07.25"]
[WhiteClock "0:00:13"]
[BlackClock "0:01:16"]
[Board "117"]

1. e4 e6 2. d4 d5 3. Nd2 dxe4 4. Nxe4 Nd7 5. Nf3 Ngf6 6. Nxf6+ Nxf6 7. g3 b6 8. Bb5+ Bd7 9. a4 a6 10. Bxd7+ Qxd7 11. O-O Be7 12. c3 O-O 13. Ne5 Qd5 14. Qf3 Rfd8 15. Bf4 c5 16. Rad1 Bf8 17. Qe2 Qb3 18. Bg5 cxd4 19. Bxf6 gxf6 20. Qg4+ Bg7 21. Nc6 Rd5 22. Ne7+ Kf8 23. Nxd5 Qxd5 24. Rxd4 Qc6 25. Qe4 Qxe4 26. Rxe4 f5 27. Rc4 b5 28. axb5 axb5 29. Rb4 Ra5 30. f4 Ke7 31. Rd1 h5 32. Rb1 Bf6 33. c4 bxc4 34. Rxc4 Rb5 35. b4 Kd6 36. Rd1+ Rd5 37. Rxd5+ Kxd5 38. Rc7 Bd4+ 39. Kg2 f6 40. b5 e5 41. Kf3 e4+ 42. Ke2 Kd6 43. Rc6+ Kd5 44. Rc8 Kd6 45. Rd8+ Kc5 46. Rxd4 Kxd4 47. b6 1-0


[Site "https://www.chess.com"]

[Event "Titled Tuesday Blitz July 25 Late 2023"]
[White "Jaskolka, Tomasz"]
[Black "Yolosz"]
[WhiteFideId "1170791"]
[WhiteElo "2540"]
[BlackElo "2357"]
[Result "1-0"]
[Round "3"]
[TimeControl "180+2"]
[Date "2023.07.25"]
[WhiteClock "0:00:14"]
[BlackClock "0:00:03"]
[Board "118"]

1. e4 c6 2. d4 d5 3. e5 Bf5 4. Nf3 e6 5. Nbd2 c5 6. dxc5 Bxc5 7. Nb3 Bb6 8. Bg5 Ne7 9. Nbd4 Bg6 10. h4 h6 11. Bf4 Nbc6 12. h5 Bh7 13. c3 Nxd4 14. Nxd4 O-O 15. Bd3 Bxd4 16. Bxh7+ Kxh7 17. cxd4 Qa5+ 18. Bd2 Qb6 19. Bc3 f5 20. exf6 Rxf6 21. Qc2+ Kg8 22. O-O-O Rc8 23. Kb1 Nf5 24. Qd3 Nd6 25. f3 Qb5 26. Ka1 Qxd3 27. Rxd3 a6 28. Kb1 b5 29. Re1 Kf7 30. a3 Nc4 31. Bb4 Rc6 32. Rc1 a5 33. Be1 a4 34. Bb4 Rf4 35. g4 g6 36. Ka2 gxh5 37. Bd2 Rf6 38. gxh5 Rf5 39. Bxh6 Rxh5 40. Bf4 Rf5 41. Bb8 Ke7 42. b3 axb3+ 43. Rxb3 Ra6 44. Rcc3 Ra5 45. Bc7 Ra7 46. Bg3 Ra5 47. Be1 Kd7 48. Rd3 Kc6 49. Bxa5 Nxa5 50. Rbc3+ Nc4 51. Rd1 Rf4 52. Re1 Kd6 53. Rd3 Kd7 54. Kb3 Kd6 55. Kb4 e5 56. Kxb5 exd4 57. Red1 Ne5 58. Rxd4 Rxf3 59. Rxd5+ Ke6 60. Rd6+ Kf5 61. a4 Rb3+ 62. Kc5 Rc3+ 63. Kb4 Rc4+ 64. Kb3 Rc7 65. Rf1+ Ke4 66. Re1+ Kf5 67. Rd5 Rb7+ 68. Kc3 Rc7+ 69. Kb4 Rc4+ 70. Kb5 Re4 71. Rxe4 Kxe4 72. Rxe5+ Kxe5 73. a5 Kd6 74. Kb6 Kd7 75. Kb7 1-0


[Site "https://www.chess.com"]

[Event "Titled Tuesday Blitz July 25 Late 2023"]
[White "Fiorito, Francisco"]
[Black "Yu, Jennifer"]
[WhiteFideId "180165"]
[BlackFideId "2078341"]
[WhiteElo "2538"]
[BlackElo "2350"]
[Result "0-1"]
[Round "3"]
[TimeControl "180+2"]
[Date "2023.07.25"]
[WhiteClock "0:00:07"]
[BlackClock "0:00:13"]
[Board "119"]

1. d4 d5 2. Nc3 Nf6 3. Bf4 e6 4. Nb5 Na6 5. e3 c6 6. Nc3 Nc7 7. Nf3 Bd6 8. Ne5 O-O 9. Bd3 c5 10. Qf3 c4 11. Be2 b5 12. g4 b4 13. Nd1 Bb7 14. Qh3 Ne4 15. f3 Ng5 16. Qg3 f6 17. h4 fxe5 18. dxe5 Nxf3+ 19. Bxf3 Be7 20. Nf2 Rb8 21. g5 d4 22. O-O-O Bxf3 23. Qxf3 c3 24. Rxd4 cxb2+ 25. Kb1 Nd5 26. Rhd1 Nc3+ 27. Kxb2 Qa5 28. Kc1 Qxa2 29. Kd2 b3 30. Ke1 Nxd1 31. Rxd1 bxc2 32. Rc1 Rb1 33. e4 Rxc1+ 34. Bxc1 Rxf3 35. Ke2 Qb3 36. Ng4 Qd3+ 37. Ke1 Rf1# 0-1


[Site "https://www.chess.com"]

[Event "Titled Tuesday Blitz July 25 Late 2023"]
[White "Manon-og, Ramon Jr."]
[Black "Janaszak, Dawid"]
[WhiteFideId "5200776"]
[BlackFideId "1119206"]
[WhiteElo "2336"]
[BlackElo "2538"]
[Result "0-1"]
[Round "3"]
[TimeControl "180+2"]
[Date "2023.07.25"]
[WhiteClock "0:01:01"]
[BlackClock "0:01:38"]
[Board "120"]

1. d4 d5 2. c4 c5 3. dxc5 d4 4. e3 e5 5. Nf3 Nc6 6. a3 a5 7. Bd3 Bxc5 8. exd4 Nxd4 9. O-O Bg4 10. Qa4+ Bd7 11. Qd1 Bg4 12. Be4 Nf6 13. Bxb7 O-O 14. Bxa8 Qxa8 15. Nbd2 e4 16. b4 exf3 17. gxf3 Bxf3 18. Qa4 Ne2# 0-1


[Site "https://www.chess.com"]

[Event "Titled Tuesday Blitz July 25 Late 2023"]
[White "Mordechai, Hanan"]
[Black "Kujawski, Adam"]
[WhiteFideId "2804166"]
[BlackFideId "1100920"]
[WhiteElo "2535"]
[BlackElo "2335"]
[Result "1-0"]
[Round "3"]
[TimeControl "180+2"]
[Date "2023.07.25"]
[WhiteClock "0:00:20"]
[BlackClock "0:00:01"]
[Board "121"]

1. c4 e5 2. Nc3 Nc6 3. g3 d6 4. Bg2 Be6 5. Nd5 Nce7 6. Nxe7 Nxe7 7. Bxb7 Rb8 8. Bg2 Bxc4 9. Qa4+ Bb5 10. Qxa7 Nc6 11. Qe3 Nd4 12. Qc3 d5 13. a4 Bb4 14. Qxd4 exd4 15. axb5 Rxb5 16. Nf3 c5 17. O-O O-O 18. d3 Re8 19. Bg5 f6 20. Bf4 Rxe2 21. Ra7 g5 22. Bc7 Qf8 23. Rfa1 Rxb2 24. Nxg5 Ba5 25. Bxd5+ Kh8 26. Nf7+ Kg7 27. Bxa5 Rb1+ 28. Rxb1 Rxb1+ 29. Kg2 Kg6 30. Be4+ f5 31. Ne5+ Kh6 32. Bd2+ Kh5 33. Bf3# 1-0


[Site "https://www.chess.com"]

[Event "Titled Tuesday Blitz July 25 Late 2023"]
[White "Fajdetic, Hrvoje"]
[Black "Martins, Bruno Andre Leite"]
[WhiteFideId "14501945"]
[BlackFideId "1942255"]
[WhiteElo "2327"]
[BlackElo "2535"]
[Result "0-1"]
[Round "3"]
[TimeControl "180+2"]
[Date "2023.07.25"]
[WhiteClock "0:00:01"]
[BlackClock "0:00:03"]
[Board "122"]

1. d4 Nf6 2. Bf4 e6 3. e3 d5 4. Nf3 Bd6 5. Bg3 c5 6. c3 Qc7 7. Ne5 Nbd7 8. Bb5 O-O 9. Bxd7 Nxd7 10. Nxd7 Bxd7 11. Bxd6 Qxd6 12. dxc5 Qxc5 13. Qd4 Qb5 14. Na3 Qa6 15. f3 Rac8 16. h4 Rfd8 17. h5 h6 18. Rh4 f6 19. Rg4 Kf8 20. Rg6 e5 21. Qb4+ Kf7 22. O-O-O Bf5 23. Rxg7+ Kxg7 24. Qe7+ Kg8 25. e4 Qe6 26. Qxb7 dxe4 27. Rg1 e3 28. g4 Bh7 29. Re1 Qxa2 30. Nc2 Rb8 31. Qe7 Qxb2# 0-1


[Site "https://www.chess.com"]

[Event "Titled Tuesday Blitz July 25 Late 2023"]
[White "Principe, Alexander"]
[Black "Fernandez Siles, Luis"]
[WhiteFideId "3804542"]
[BlackFideId "2209420"]
[WhiteElo "2534"]
[BlackElo "2325"]
[Result "1-0"]
[Round "3"]
[TimeControl "180+2"]
[Date "2023.07.25"]
[WhiteClock "0:02:39"]
[BlackClock "0:02:10"]
[Board "123"]

1. e4 c5 2. Nf3 d6 3. d4 cxd4 4. Nxd4 Nf6 5. Nc3 g6 6. Be3 Bg7 7. f3 O-O 8. Bc4 Nc6 9. Qd2 Bd7 10. Bb3 Qa5 11. O-O Rfc8 12. Qf2 Nxd4 13. Bxd4 b5 14. a3 a6 15. Bb6 1-0


[Site "https://www.chess.com"]

[Event "Titled Tuesday Blitz July 25 Late 2023"]
[White "Kukavica, Tony"]
[Black "Przybylski, Wojciech"]
[WhiteFideId "2062542"]
[BlackFideId "1117599"]
[WhiteElo "2321"]
[BlackElo "2534"]
[Result "0-1"]
[Round "3"]
[TimeControl "180+2"]
[Date "2023.07.25"]
[WhiteClock "0:01:53"]
[BlackClock "0:02:22"]
[Board "124"]

1. Nf3 Nf6 2. b3 e6 3. e3 d6 4. Bb2 Nbd7 5. d4 Be7 6. Nbd2 O-O 7. Bd3 b6 8. Qe2 Bb7 9. e4 Re8 10. c4 Nf8 11. e5 N6d7 12. Rd1 Ng6 13. Qe3 a5 14. h4 dxe5 15. dxe5 Bc5 16. Bd4 Bxd4 17. Qxd4 Ndxe5 18. h5 Qxd4 19. Nxd4 Nxd3+ 20. Ke2 0-1


[Site "https://www.chess.com"]

[Event "Titled Tuesday Blitz July 25 Late 2023"]
[White "Santos Flores, Alberto"]
[Black "Sala, Giulia"]
[WhiteFideId "3601234"]
[BlackFideId "2840451"]
[WhiteElo "2533"]
[BlackElo "2313"]
[Result "0-1"]
[Round "3"]
[TimeControl "180+2"]
[Date "2023.07.25"]
[WhiteClock "0:00:14"]
[BlackClock "0:00:10"]
[Board "125"]

1. e4 e5 2. Nf3 Nc6 3. Bc4 Bc5 4. c3 Nf6 5. d3 d6 6. Nbd2 O-O 7. O-O a5 8. h3 Ba7 9. Re1 Ne7 10. Nf1 Ng6 11. Ng3 h6 12. d4 Re8 13. Nf5 exd4 14. Bxh6 gxh6 15. Nxh6+ Kg7 16. Nxf7 Qe7 17. cxd4 d5 18. N3e5 dxc4 19. Qd2 Nxe5 20. Nxe5 Nh7 21. Re3 Rg8 22. Rg3+ Kh8 23. Rg6 Be6 24. Qh6 Bf7 25. Rf6 Raf8 26. Rd1 Qxf6 27. Qe3 Bh5 28. Rf1 Qg7 29. g4 Bg6 30. f4 Rd8 31. Nf3 Rge8 32. f5 Bxd4 33. Nxd4 Qxd4 34. Qxd4+ Rxd4 35. fxg6 Nf8 36. Rf6 Kg7 37. g5 Nxg6 38. h4 Rdxe4 39. h5 Nf4 40. h6+ Kg8 41. g6 Re1+ 42. Kf2 R8e2+ 43. Kf3 Re3+ 44. Kxf4 Rf1+ 45. Kxe3 Rxf6 46. Kd4 Rxg6 47. Kxc4 Rxh6 48. Kb5 Rb6+ 49. Kxa5 Rxb2 50. a4 b6+ 51. Ka6 c5 52. a5 bxa5 53. Kxa5 c4 54. Ka4 c3 55. Ka3 Rb8 56. Ka2 c2 57. Ka3 c1=Q+ 0-1


[Site "https://www.chess.com"]

[Event "Titled Tuesday Blitz July 25 Late 2023"]
[White "ElDivis"]
[Black "Bullen, Alex"]
[BlackFideId "1801627"]
[WhiteElo "2532"]
[BlackElo "2311"]
[Result "1-0"]
[Round "3"]
[TimeControl "180+2"]
[Date "2023.07.25"]
[WhiteClock "0:00:59"]
[BlackClock "0:00:10"]
[Board "126"]

1. d4 Nf6 2. Nf3 d5 3. e3 c5 4. dxc5 Qa5+ 5. Nbd2 Qxc5 6. c4 g6 7. Nb3 Qd6 8. cxd5 Qxd5 9. Bd2 Bg7 10. Rc1 O-O 11. Bc4 Qh5 12. O-O Bg4 13. h3 Bxf3 14. Qxf3 Qxf3 15. gxf3 Nc6 16. Bc3 Nd7 17. Rfd1 Bxc3 18. Rxc3 Nde5 19. Be2 Rfd8 20. f4 Rxd1+ 21. Bxd1 Nd7 22. Bf3 Rc8 23. Na5 Rb8 24. Nxc6 bxc6 25. Bxc6 Nf8 26. b3 Ne6 27. Rc4 Kg7 28. Bd5 Nf8 29. Rc7 e6 30. Bc4 a5 31. Ra7 Rd8 32. Rxa5 g5 33. Rxg5+ 1-0


[Site "https://www.chess.com"]